 Dungeon Sprint DCSS version 0.30-a0-860-g512cf1e979 (webtiles) character file.

Game seed: 7503209102493580873

10255 rocky1 the Geomancer (level 11, -4/88 HPs)
             Began as a Gargoyle Earth Elementalist on Mar 8, 2023.
             Was an Initiate of Gozag.
             Slain by Polyphemus (21 damage)
             ... in the Dungeon (Sprint III: "The Ten Rune Challenge").
             The game lasted 00:14:14 (3356 turns).

rocky1 the Geomancer (Gargoyle Earth Elementalist)  Turns: 3356, Time: 00:14:14

Health: -4/88      AC: 16    Str: 11    XL:     11   Next: 59%
Magic:  13/27      EV: 14    Int: 21    God:    Gozag
Gold:   3481       SH:  0    Dex: 10    Spells: 30/34 levels left

rFire   x . .      SeeInvis .    s - +1 flail (protect)
rCold   . . .      Faith    .    (no shield)
rNeg    + + .      Spirit   .    o - +2 leather armour {rN+}
rPois   ∞          Reflect  .    (no helmet)
rElec   +          Rampage  .    (no cloak)
rCorr   .          NoTele   +    (no gloves)
Will    .....                    (no boots)
Stlth   ++                       (no amulet)
HPRegen 0.34/turn                (no ring)
MPRegen 0.20/turn                (no ring)

@: no status effects
A: sickness immunity, AC +8, negative energy resistance 1, electricity
resistance, torment resistance 1, petrification resistance, iridescent scales 1,
robust 1, heat vulnerability 1, MP-powered wands
a: Renounce Religion, Potion Petition, Call Merchant, Bribe Branch


You were in the Dungeon.
You worshipped Gozag.
Gozag was most pleased with you.
You visited 1 branch You collected 8645 gold pieces.
You spent 1670 gold pieces at shops.
You paid 3494 gold pieces to Gozag.

Inventory:

Hand Weapons
 r - a +0 scimitar of flaming
 s - a +1 flail of protection (weapon)
Missiles
 t - 4 javelins
Armour
 a - a +0 robe
 o - a +2 leather armour of positive energy (worn)
Wands
 n - a wand of flame (32)
Scrolls
 d - a scroll of enchant weapon
 g - a scroll of blinking
 h - 3 scrolls of poison
 i - 2 scrolls of identify
 k - a scroll of torment
 q - a scroll of fog
Potions
 b - 3 potions of magic
 c - a potion of curing
 e - 3 potions of haste
 f - a potion of berserk rage
 j - 2 potions of flight
 l - 8 potions of mutation
 p - a potion of might
Miscellaneous
 m - a lightning rod (4/4)


   Skills:
 + Level 14.0 Fighting
 + Level 9.1 Maces & Flails
 + Level 9.9 Armour
 + Level 7.8 Dodging
 - Level 2.1 Stealth
 + Level 12.1 Spellcasting
 - Level 6.4 Conjurations
 - Level 0.7 Transmutations
 - Level 14.3 Earth Magic
 - Level 8.0 Evocations


You had 30 spell levels left.
You knew the following spells:

 Your Spells              Type           Power      Damage    Failure   Level
a - Sandblast             Erth           100%       2d20      1%          1
b - Stone Arrow           Conj/Erth      100%       3d13      1%          3

Your spell library contained the following spells:

 Spells                   Type           Power      Damage    Failure   Level
 Shock                    Conj/Air       100%       1d9       1%          1
 Passwall                 Tmut/Erth      36%        N/A       1%          2
 Static Discharge         Conj/Air       52%        2-5/arc   2%          2
 Petrify                  Tmut/Erth      44%        N/A       3%          4
 Summon Guardian Golem    Hex/Summ       12%        N/A       19%         3
 Swiftness                Air            12%        N/A       19%         3
 Vhi's Electric Charge    Tloc/Air       24%        N/A       19%         3
 Arcjolt                  Conj/Air       13%        1d23      43%         5
 Lightning Bolt           Conj/Air       13%        1d26      43%         5
 Airstrike                Air            6%         2d(1-17)  54%         4
 Orb of Destruction       Conj           19%        9d8       98%         7
 Spellforged Servitor     Conj/Summ      13%        N/A       100%        7


Dungeon Overview and Level Annotations

Branches:
Dungeon (1/1)

Altars:
Cheibriados
Dithmenos
Elyvilon
Fedhas
Gozag
Hepliaklqana
Kikubaaqudgha
Makhleb
Nemelex Xobeh
Okawaru
Qazlal
Ru
Sif Muna
Trog
Uskayaw
Vehumet
Wu Jian
Xom
Yredelemnul
Zin
The Shining One
Jiyva
Lugonu

Shops:
D *[*::

Annotations:
D Polyphemus


Innate Abilities, Weirdness & Mutations

You are immune to sickness and miasma.
Your stone body is resilient. (AC +8)
You are immune to poison.
You resist negative energy. (rN+)
You are resistant to electric shocks. (rElec)
You are resistant to unholy torment.
You are immune to petrification.
You are partially covered in iridescent scales. (AC +2)
You are robust. (+10% HP)
You are vulnerable to heat. (rF-)
You expend magic power (3 MP) to strengthen your wands.


Message History

Press: ? - help, Q - select action, (/) - cycle Shift-Dir - straight line, f - Polyphemus
Aim: Polyphemus, quivering large rocks (98% to hit)
The stone arrow hits Polyphemus!
Polyphemus is lightly wounded.
Unknown command.
Aiming: Stone Arrow (safe; 1% risk of failure)
Press: ? - help, Q - select action, (/) - cycle Shift-Dir - straight line, f/p - Polyphemus
Aim: Polyphemus, quivering large rocks (lightly wounded, 98% to hit)
The stone arrow hits Polyphemus!
Polyphemus is lightly wounded.
Polyphemus hits you. Polyphemus barely misses you.
Aiming: Stone Arrow (safe; 1% risk of failure)
Press: ? - help, Q - select action, (/) - cycle Shift-Dir - straight line, f/p - Polyphemus
Aim: Polyphemus, quivering large rocks (lightly wounded, 98% to hit)
The stone arrow hits Polyphemus!
Polyphemus is lightly wounded.
Polyphemus hits you but does no damage. Polyphemus closely misses you.
Aiming: Stone Arrow (safe; 1% risk of failure)
Press: ? - help, Q - select action, (/) - cycle Shift-Dir - straight line, f/p - Polyphemus
Aim: Polyphemus, quivering large rocks (lightly wounded, 98% to hit)
The stone arrow hits Polyphemus!
Polyphemus is lightly wounded.
You hear a bleat!
Polyphemus misses you. Polyphemus hits you!!
You hear a bleat!
Aiming: Stone Arrow (safe; 1% risk of failure)
Press: ? - help, Q - select action, (/) - cycle Shift-Dir - straight line, f/p - Polyphemus
Aim: Polyphemus, quivering large rocks (lightly wounded, 98% to hit)
The stone arrow hits Polyphemus!!
Polyphemus is moderately wounded.
You hear a bleat!
Polyphemus hits you!
* * * LOW HITPOINT WARNING * * *
Polyphemus hits you.
* * * LOW HITPOINT WARNING * * *
You feel better. Polyphemus hits you!
* * * LOW HITPOINT WARNING * * *
Polyphemus hits you!!
You die...
Your body crumbles into a pile of gold.

♣♣♣♣♣♣#..♣♣ ♣♣♣# +##
###'♣♣♣♣♣♣♣♣♣♣♣♣♣♣♣
♣♣♣♣.##..##~~~~~≈..#$$
♣...##.##.#~~~~≈...#$
♣♣.##.##)##'~~~≈≈####
♣..#.##...#~~....○☼°
♣♣.##.##..#≈..+#####
♣♣.##.#####...#
♣.....##.@....#
########C###### ▓~~
▓≈≈~ ▓≈≈≈. $ ▓≈≈.YC
▓≈≈≈.Y≈ ▓≈≈≈≈≈≈≈


You could see Polyphemus.

Vanquished Creatures
  2 hydras (D)
  Erica (D)
  A centaur warrior (D)
  Urug (D)
  A death drake (D)
  A lindwurm (D)
  A deep elf pyromancer (D)
  A rime drake (D)
  2 unseen horrors (D)
  2 cane toads (D)
  A komodo dragon (D)
  A queen bee (D)
  3 wandering mushrooms (D)
  2 tyrant leeches (D)
  A shadow (D)
  3 redbacks (D)
  A spatial vortex (D)
  A swamp drake (D)
  An orc warrior (D)
  2 centaurs (D)
  An earth elemental (D)
  A necrophage (D)
  A water elemental (D)
  32 killer bees (D)
  An electric eel (D)
  A jelly (D)
  2 orc priests (D)
  A wizard (D)
  A necromancer (D)
  3 orc wizards (D)
  3 humans (D)
  A kobold demonologist (D)
  A wolf (D)
  12 orcs (D)
  4 rats (D)
94 creatures vanquished.

Vanquished Creatures (others)
  2 plants (D)
2 creatures vanquished.

Grand Total: 96 creatures vanquished

Notes
Turn   | Place    | Note
-------+----------+-------------------------------------------
     0 | D        | rocky1 the Gargoyle Earth Elementalist began the quest for
                  | the Orb.
     0 | D        | Reached XP level 1. HP: 10/10 MP: 3/3
    39 | D        | Reached skill level 1 in Fighting
   185 | D        | Noticed a wolf
   187 | D        | Killed a wolf
   188 | D        | Reached skill level 5 in Earth Magic
   188 | D        | Reached XP level 2. HP: 8/18 MP: 1/6
   243 | D        | Reached XP level 3. HP: 8/23 MP: 1/7
   423 | D        | Gained mutation: You are partially covered in iridescent
                  | scales. (AC +2) [potion of mutation]
   423 | D        | Gained mutation: You are vulnerable to heat. (rF-) [potion
                  | of mutation]
   423 | D        | Gained mutation: You are robust. (+10% HP) [potion of
                  | mutation]
   423 | D        | Gained mutation: You expend magic power (3 MP) to
                  | strengthen your wands. [potion of mutation]
   426 | D        | Noticed a water elemental
   433 | D        | Killed a water elemental
   434 | D        | Reached XP level 4. HP: 20/33 MP: 1/10
   685 | D        | Learned a level 3 spell: Stone Arrow
   691 | D        | Reached skill level 5 in Fighting
   691 | D        | Reached XP level 5. HP: 38/38 MP: 10/12
   691 | D        | Noticed a shadow
   696 | D        | Killed a shadow
   697 | D        | Reached XP level 6. HP: 45/46 MP: 6/15
   762 | D        | Found a blossoming altar of Fedhas.
   762 | D        | Found a stormy altar of Qazlal.
   762 | D        | Found a snail-covered altar of Cheibriados.
   762 | D        | Found a burning altar of Makhleb.
   762 | D        | Found a shimmering altar of Xom.
   762 | D        | Noticed a spatial vortex
   765 | D        | Found a hazy altar of Hepliaklqana.
   765 | D        | Found an opulent altar of Gozag.
   765 | D        | Found a sparkling altar of Nemelex Xobeh.
   765 | D        | Found a corrupted altar of Lugonu.
   765 | D        | Found a viscous altar of Jiyva.
   766 | D        | Killed a spatial vortex
   774 | D        | Became a worshipper of Gozag Ym Sagoz the Greedy
   889 | D        | Found a basalt altar of Yredelemnul.
   889 | D        | Found a shadowy altar of Dithmenos.
   889 | D        | Found a sacrificial altar of Ru.
   891 | D        | Reached skill level 1 in Evocations
   894 | D        | Reached skill level 1 in Conjurations
   894 | D        | Reached XP level 7. HP: 43/52 MP: 12/17
   935 | D        | Found a radiant altar of Vehumet.
   935 | D        | Found a shimmering blue altar of Sif Muna.
   935 | D        | Found an ancient bone altar of Kikubaaqudgha.
   937 | D        | Noticed a chaos spawn
   961 | D        | Found a glowing silver altar of Zin.
   961 | D        | Found a glowing golden altar of the Shining One.
   961 | D        | Found a white marble altar of Elyvilon.
   961 | D        | Noticed a deep elf pyromancer
   963 | D        | Killed a deep elf pyromancer
   964 | D        | Reached skill level 5 in Evocations
   964 | D        | Reached XP level 8. HP: 7/60 MP: 11/19
  1150 | D        | Found a hide-covered altar of Uskayaw.
  1150 | D        | Found an iron altar of Okawaru.
  1150 | D        | Found a bloodstained altar of Trog.
  1150 | D        | Found an ornate altar of the Wu Jian Council.
  1425 | D        | Noticed Erica
  1431 | D        | Killed Erica
  1432 | D        | Reached XP level 9. HP: 68/68 MP: 6/21
  1529 | D        | Reached skill level 10 in Fighting
  1536 | D        | Found Yjanozog's Armour Shop.
  1636 | D        | Bought a +2 leather armour of positive energy for 208 gold
                  | pieces
  1669 | D        | Bought a scroll labelled PUOCOT YXKARO for 29 gold pieces
  1669 | D        | Bought a potion of mutation for 232 gold pieces
  1669 | D        | Bought a scroll labelled NOACAC GUTA for 29 gold pieces
  1669 | D        | Bought a potion of haste for 290 gold pieces
  1751 | D        | Noticed a centaur warrior
  1754 | D        | Reached skill level 1 in Armour
  1756 | D        | Reached skill level 1 in Maces & Flails
  1757 | D        | HP: 1/69 [centaur warrior/arrow (17)]
  1759 | D        | Killed a centaur warrior
  1971 | D        | Killed an unseen horror
  2138 | D        | Killed an unseen horror
  2139 | D        | Reached XP level 10. HP: 73/77 MP: 20/23
  2163 | D        | Bought a scroll of poison for 48 gold pieces
  2163 | D        | Bought a scroll of enchant weapon for 90 gold pieces
  2163 | D        | Bought a scroll of identify for 24 gold pieces
  2163 | D        | Bought a potion of mutation for 96 gold pieces
  2163 | D        | Bought a scroll of identify for 24 gold pieces
  2174 | D        | Reached skill level 5 in Armour
  2175 | D        | Reached skill level 5 in Maces & Flails
  2175 | D        | Reached skill level 10 in Spellcasting
  2176 | D        | Reached skill level 5 in Dodging
  2226 | D        | Bought a book of Dangerous Friends for 600 gold pieces
  2451 | D        | Noticed a cane toad
  2451 | D        | Noticed a cane toad
  2454 | D        | Killed a cane toad
  2456 | D        | Killed a cane toad
  2573 | D        | Reached XP level 11. HP: 77/84 MP: 16/26
  2911 | D        | Noticed a lindwurm
  2915 | D        | Killed a lindwurm
  3012 | D        | Noticed Urug
  3018 | D        | Killed Urug
  3133 | D        | Noticed a four-headed hydra
  3133 | D        | Noticed a six-headed hydra
  3140 | D        | Killed a four-headed hydra
  3143 | D        | Killed a six-headed hydra
  3266 | D        | Noticed a death drake
  3271 | D        | Killed a death drake
  3345 | D        | Noticed Polyphemus
  3356 | D        | Slain by Polyphemus

Illustrated notes

Levels and vault maps discovered:
D:        dungeon_sprint_mu [sprint_mu_entry_cave, sprint_mu_temple_rooms,
          sprint_mu_d1_horrors, sprint_mu_d2_genie, sprint_mu_d3_branching,
          sprint_mu_orc_legion, sprint_mu_elf_gauntlet, sprint_mu_hive_nellie,
          sprint_mu_lair_fedhas, sprint_mu_vaults_butterflies,
          sprint_mu_slime_circle, sprint_mu_swamp_cave, sprint_mu_shoals_archi,
          sprint_mu_blade_basic, sprint_mu_crypt_fortress,
          sprint_mu_tomb_spiral, sprint_mu_vestibule_basic,
          sprint_mu_gehenna_hellfire, sprint_mu_dis_giant,
          sprint_mu_tartarus_statrot, sprint_mu_cocytus_islands, sprint_mu_zot1]

Skill      XL: |  1  2  3  4  5  6  7  8  9 10 11 |
---------------+----------------------------------+-----
Earth Magic    | 5 6 8 9 11 12 13 14 | 14.3
Fighting       | 2 3 4 5 6 7 8 9 11 12 14 | 14.0
Spellcasting   | 3 4 6 7 8 9 11 12 | 12.1
Evocations     | 2 5 7 8 |  8.0
Conjurations   | 1 4 6 |  6.4
Armour         | 4 8 9 |  9.9
Maces & Flails | 4 7 9 |  9.1
Dodging        | 4 6 7 |  7.8
Stealth        | |  2.1
Transmutations | |  0.7

Action                     |  1- 3 |  4- 6 |  7- 9 | 10-12 || total
---------------------------+-------+-------+-------+-------++-------
  Melee: Flail             |       |       |     1 |    32 ||    33
         Punch             |       |       |       |     2 ||     2
   Cast: Sandblast         |    18 |    13 |    12 |    15 ||    58
         Stone Arrow       |       |       |    33 |    60 ||    93
 Invoke: Call Merchant     |       |       |     1 |     3 ||     4
  Evoke: Lightning rod     |       |       |     4 |     7 ||    11
    Use: Potion            |     1 |       |     1 |     1 ||     3
         Scroll            |       |       |       |     2 ||     2
 Armour: Robe              |     4 |     3 |     2 |       ||     9
         Leather armour    |       |       |    22 |    27 ||    49
  Dodge: Dodged            |     3 |     2 |    10 |    47 ||    62

Table legend: (Time is in decaauts)
 A = Elapsed time spent in this place.
 B = Non-inter-level travel time spent in this place.
 C = Inter-level travel time spent in this place.
 D = Time resting spent in this place.
 E = Time spent auto-exploring this place.
 F = Levels seen in this place.
 G = Mean time per level.
                   A        B        C        D        E       F      G
               +--------+--------+--------+--------+--------+-----+--------+
         Total |   3404 |   3394 |     10 |   2513 |      0 |   1 | 3404.0 |
       Dungeon |   3404 |   3394 |     10 |   2513 |      0 |   1 | 3404.0 |
               +--------+--------+--------+--------+--------+-----+--------+

Top non-repeatable levels by time:
       D: 3404 daAuts
